 Dungeon Crawl Stone Soup version 0.17.1-2-g5865329 (webtiles) character file.

8402 namelastname112 the Artisan of Death (level 11, -6/94 HPs)
             Began as a Pale Draconian Wizard on Jan 11, 2016.
             Was a Priest of Kikubaaqudgha.
             Mangled by Maud
             ... wielding a +4 long sword of slicing
              (8 damage)
             ... on level 11 of the Dungeon.
             The game lasted 00:27:37 (13983 turns).

namelastname112 the Artisan of Death (DrWz)        Turns: 13983, Time: 00:27:37

Health: -6/94      AC:  9    Str:  9    XL:     11   Next: 9%
Magic:  7/21       EV: 15    Int: 23    God:    Kikubaaqudgha [***...]
Gold:   567        SH:  0    Dex:  9    Spells: 5 memorised, 8 levels left

rFire  . . .     SeeInvis .     O - +2 falchion (flame)
rCold  . . .     Clarity  .     (armour unavailable)
rNeg   . . .     SustAt   +     (no shield)
rPois  .         Gourm    .     a - +0 hat
rElec  .         Spirit   .     (no cloak)
rCorr  .         Warding  .     n - +1 pair of gloves
rMut   .         Stasis   .     (no boots)
MR     .....                    Q - amulet of faith
Stlth  +.........               r - ring of sustain attributes
                                d - +1 ring of evasion

@: short of breath, death channel, not resistant to hostile enchantments, very
unstealthy
A: breathe steam, unfitting armour, cold-blooded, AC +7
a: Breathe Steam, Receive Corpses, Renounce Religion


You were on level 11 of the Dungeon.
You worshipped Kikubaaqudgha.
Kikubaaqudgha was most pleased with you.
You were not hungry.

You visited 1 branch of the dungeon, and saw 11 of its levels.

You collected 675 gold pieces.

Inventory:

Hand Weapons
 O - a +2 falchion of flaming (weapon)
 U - a +3 dagger of chaos
Armour
 a - a +0 hat (worn)
 n - a +1 pair of gloves (worn)
 X - a +0 buckler
Jewellery
 d - a +1 ring of evasion (left hand)
 r - a ring of sustain attributes (right hand)
 F - an uncursed amulet of the gourmand
 Q - an amulet of faith (around neck)
Wands
 t - a wand of fire (0)
 w - a wand of slowing (27)
 E - a wand of magic darts (18)
 H - a wand of magic darts (23)
 M - a wand of teleportation (4)
 P - a wand of slowing (18)
 R - a wand of confusion (30)
 S - a wand of teleportation (1)
Scrolls
 f - 3 scrolls of teleportation {unknown}
 h - a scroll of fog
 i - a scroll of enchant weapon
 m - 2 scrolls of recharging
 q - 4 scrolls of noise
 u - 3 scrolls of remove curse
 x - 3 scrolls of immolation
 y - a scroll of enchant armour
 D - a scroll of magic mapping
 G - a scroll of random uselessness
Potions
 e - a potion of resistance
 o - a potion of mutation {unknown}
 p - 2 potions of poison {unknown}
 s - 3 potions of brilliance {unknown}
 z - a potion of invisibility
 A - 2 potions of flight
 B - 3 potions of cancellation
 J - 2 potions of lignification {unknown}
 L - a potion of ambrosia {unknown}
 W - a potion of agility {unknown}
Books
 b - a book of Minor Magic

   Spells                             Type                      Level
   a - Magic Dart                     Conjuration                  1
   b - Blink                          Translocation                2
   c - Call Imp                       Summoning                    2
   d - Repel Missiles                 Charms/Air                   2
   e - Slow                           Hexes                        2
   f - Conjure Flame                  Conjuration/Fire             3
   g - Mephitic Cloud                 Conjuration/Poison/Air       3
 l - Kikubaaqudgha's Collected Works on Necromancy
   (Kikubaaqudgha gifted it to you on level 10 of the Dungeon)

   Spells                             Type                      Level
   a - Animate Dead                   Necromancy                   4
   b - Bolt of Draining               Conjuration/Necromancy       5
   c - Agony                          Necromancy                   5
   d - Dispel Undead                  Necromancy                   5
   e - Death Channel                  Necromancy                   6
 I - Kikubaaqudgha's Incunabulum of Sinister Rituals
   (Kikubaaqudgha gifted it to you on level 6 of the Dungeon)

   Spells                             Type                      Level
   a - Pain                           Necromancy                   1
   b - Corpse Rot                     Necromancy                   2
   c - Sublimation of Blood           Necromancy                   2
   d - Vampiric Draining              Necromancy                   3
   e - Control Undead                 Necromancy                   4
 N - a book of Transfigurations

   Spells                             Type                      Level
   a - Stoneskin                      Transmutation/Earth          2
   b - Irradiate                      Conjuration/Transmutation    5
   c - Statue Form                    Transmutation/Earth          6
   d - Hydra Form                     Transmutation                6
   e - Dragon Form                    Transmutation                7
 T - a book of Dreams

   Spells                             Type                      Level
   a - Ensorcelled Hibernation        Hexes/Ice                    2
   b - Phase Shift                    Translocation                5
   c - Shadow Creatures               Summoning                    5
   d - Silence                        Hexes/Air                    5
   e - Darkness                       Hexes                        6
   f - Mass Confusion                 Hexes                        6
Miscellaneous
 C - a plain deck of wonders {drawn: 4}
Comestibles
 c - 6 bread rations
 g - 11 fruits
 j - 8 meat rations
 v - 5 slices of pizza
 K - 2 beef jerkies


   Skills:
 + Level 7.9 Fighting
 * Level 6.6 Long Blades
 + Level 6.7 Dodging
 - Level 1.7 Stealth
 + Level 7.1 Spellcasting
 - Level 1.0 Conjurations
   Level 1.0 Summonings
 * Level 9.9 Necromancy
   Level 1.0 Translocations


You had 8 spell levels left.
You knew the following spells:

 Your Spells              Type           Power        Failure   Level  Hunger
a - Animate Dead          Necr           N/A          1%          4    ###....
e - Death Channel         Necr           ######....   21%         6    ######.
s - Vampiric Draining     Necr           ######....   1%          3    None
v - Sublimation of Blood  Necr           ######....   1%          2    None
z - Magic Dart            Conj           ##..         6%          1    None


Dungeon Overview and Level Annotations

Branches:
Dungeon (11/15)            Temple (0/1) D:5            Lair (0/8) D:9
    Orc: D:9-12

Altars:
Ashenzari
Dithmenos
Elyvilon
Fedhas
Gozag
Kikubaaqudgha
Makhleb
Nemelex Xobeh
Okawaru
Qazlal
Ru
Sif Muna
Vehumet
Xom
Yredelemnul

Shops:
D:5 %

Annotations:
D:5 exclusion: statue
D:11 Maud, Maurice


Innate Abilities, Weirdness & Mutations

You can breathe blasts of scalding, opaque steam.
Your pale cyan-grey scales are hard (AC +7).
Your body does not fit into most forms of armour.
You are cold-blooded and may be slowed by cold attacks.


Message History

Casting: Vampiric Draining
Confirm with . or Enter, or press ? or * to list all spells.
Aiming: Vampiric Draining
Press: ? - help, Shift-Dir - straight line, f/p - Maud
Aim: Maud, wielding a long sword of slicing and wearing a chain mail (steam, severely wounded) Maud is almost dead.
You feel life coursing into your body.
Maud is engulfed in a cloud of scalding steam.
Maud hits you with a long sword of slicing!!
* * * LOW HITPOINT WARNING * * *
x2 An ogre comes into view. It is wielding a giant club.
Maud is engulfed in a cloud of scalding steam.
Found a stone staircase leading up.
Drink which item? (? for menu, Esc to quit)
You feel much better.
Your spectral orc is engulfed in a cloud of scalding steam.
Maud hits you with a long sword of slicing!!
* * * LOW HITPOINT WARNING * * *
You die...
Kikubaaqudgha rasps: "You have failed me!
Welcome... death!"

.... ...
#..#
#..#####
.......#
..####.#
..####.#
<#########
.......#
..O....@.#
######.#
########@#
...# #.#
#Z#
##.###.##
#ยง#
#.##.#.#
#)#
#.##..##
##)##
#.##..#
##ZZ)##
#.##..#
##.###.#
##.##..#
####>##
##...!#


You could see Maud, an ogre and a friendly spectral orc.

Vanquished Creatures
  An unseen horror (D:11)
  An ugly thing (D:10)
  The ghost of namelastname112 the Scholar of Death, a novice DrWz of Kikubaaqudgha (D:6)
  A centaur zombie (D:11)
  A gargoyle (D:9)
  Grinder (D:5)
  A two-headed ogre (D:8)
  A deep elf mage (D:8)
  A steam dragon (D:10)
  A hippogriff (D:8)
  A warg (D:9)
  Duvessa (D:6)
  8 orc warriors
  4 sky beasts
  2 ogres
  A phantom (D:8)
  An ice beast (D:10)
  10 giant frogs
  2 scorpions
  A water moccasin zombie (D:6)
  5 wights
  A quasit (D:10)
  A killer bee (D:7)
  A crimson imp (D:11)
  4 hounds
  3 jellies
  14 orc priests
  3 worker ants
  13 orc wizards
  A hound zombie (D:8)
  A hound skeleton (D:6)
  8 adders
  3 gnolls (D:9)
  2 shadow imps
  An ooze (D:1)
  An adder skeleton (D:6)
  2 worms
  29 orcs
  2 ball pythons
  3 bats
  6 giant cockroaches
  8 goblins
  3 hobgoblins
  2 quokkas
  6 giant geckos
  2 giant gecko skeletons (D:4)
  7 giant newts
  11 jackals
  9 kobolds
  A quokka zombie (D:9)
  7 rats
201 creatures vanquished.

Vanquished Creatures (collateral kills)
  Psyche (D:9)
  A merfolk (D:9)
  The ghost of namelastname112 the Magician, an amateur DrWz of Kikubaaqudgha (D:5)
  A warg (D:9)
  A water moccasin (D:9)
  2 phantoms
  3 orc warriors
  A sky beast (D:5)
  3 ogres
  A centaur (D:5)
  A wyvern zombie (D:6)
  Dowan (D:6)
  7 wights
  A hound (D:6)
  3 crimson imps
  2 giant frog skeletons
  5 orc wizards
  2 orc priests
  2 iguanas (D:6)
  2 worker ants
  2 adders
  A shadow imp (D:8)
  An ooze (D:5)
  An adder zombie (D:6)
  12 orcs
  2 jackals (D:6)
60 creatures vanquished.

Vanquished Creatures (others)
  A big kobold (D:10)
  An orc wizard (D:10)
  2 plants (D:7)
4 creatures vanquished.

Grand Total: 265 creatures vanquished

Notes
Turn   | Place    | Note
--------------------------------------------------------------
     0 | D:1      | namelastname112 the Draconian Wizard began the quest for the Orb.
     0 | D:1      | Reached XP level 1. HP: 14/14 MP: 4/4
   383 | D:1      | Reached skill level 1 in Fighting
   390 | D:1      | Reached XP level 2. HP: 12/23 MP: 1/6
   958 | D:2      | Reached XP level 3. HP: 18/29 MP: 0/7
  1797 | D:3      | Reached XP level 4. HP: 35/37 MP: 7/9
  2007 | D:3      | Found an ancient bone altar of Kikubaaqudgha.
  2013 | D:3      | Became a worshipper of Kikubaaqudgha
  2628 | D:4      | Reached skill level 1 in Necromancy
  2802 | D:4      | Found an iron altar of Okawaru.
  2824 | D:4      | Found a sparkling altar of Nemelex Xobeh.
  3024 | D:4      | Hired Tevijoxo the big kobold for 108 gold.
  3024 | D:4      | Noticed Tevijoxo
  3088 | D:4      | Reached XP level 5. HP: 39/42 MP: 4/10
  3197 | D:4      | Noticed a phantom
  3205 | D:4      | Reached skill level 4 in Spellcasting
  3227 | D:4      | Killed a phantom
  3539 | D:4      | Noticed an ogre
  3547 | D:4      | Killed an ogre
  3547 | D:4      | Reached XP level 6. HP: 51/51 MP: 6/12
  3707 | D:5      | Entered Level 5 of the Dungeon
  3935 | D:5      | Found a staircase to the Ecumenical Temple.
  3941 | D:5      | Noticed Grinder
  3957 | D:5      | Killed Grinder
  4302 | D:5      | Your scales start taking on a pale cyan-grey colour.
  4302 | D:5      | Reached XP level 7. HP: 54/58 MP: 13/13
  4497 | D:5      | Noticed namelastname112's ghost (amateur DrWz)
  4510 | D:5      | Killed namelastname112's ghost
  4851 | D:5      | Found a radiant altar of Vehumet.
  5314 | D:5      | Found Gucsail's Food Boutique.
  5364 | D:5      | Reached skill level 5 in Necromancy
  5654 | D:6      | Noticed Duvessa
  5654 | D:6      | Noticed Dowan
  5658 | D:6      | Killed Dowan
  5658 | D:6      | Reached * piety under Kikubaaqudgha
  5658 | D:6      | Received a gift from Kikubaaqudgha
  5658 | D:6      | Reached skill level 5 in Spellcasting
  5665 | D:6      | Killed Duvessa
  5665 | D:6      | Reached XP level 8. HP: 51/67 MP: 13/15
  5670 | D:6      | Identified Kikubaaqudgha's Incunabulum of Sinister Rituals (Kikubaaqudgha gifted it to you on level 6 of the Dungeon)
  5675 | D:6      | Learned a level 3 spell: Vampiric Draining
  5678 | D:6      | Learned a level 2 spell: Sublimation of Blood
  5831 | D:6      | Noticed namelastname112's ghost (novice DrWz)
  6053 | D:6      | Reached skill level 5 in Fighting
  6091 | D:6      | Killed namelastname112's ghost
  6091 | D:6      | Reached skill level 6 in Necromancy
  6541 | D:6      | HP: 2/69 [orc priest/nerve-wracking pain (11)]
  6566 | D:6      | Reached skill level 5 in Dodging
  6817 | D:6      | Found a white marble altar of Elyvilon.
  6851 | D:6      | Found a sparkling altar of Nemelex Xobeh.
  7012 | D:6      | Reached XP level 9. HP: 39/75 MP: 17/17
  7417 | D:7      | Reached skill level 1 in Long Blades
  7417 | D:7      | Reached skill level 7 in Necromancy
  7424 | D:7      | Found a basalt altar of Yredelemnul.
  7484 | D:7      | Found a sacrificial altar of Ru.
  7786 | D:7      | Found a shimmering altar of Xom.
  7879 | D:7      | Found a deep blue altar of Sif Muna.
  8372 | D:8      | Found a shattered altar of Ashenzari.
  8417 | D:8      | Reached ** piety under Kikubaaqudgha
  8567 | D:8      | Found a stormy altar of Qazlal.
  8823 | D:8      | Reached skill level 8 in Necromancy
  9103 | D:8      | Found a shadowy altar of Dithmenos.
  9727 | D:8      | Reached XP level 10. HP: 70/84 MP: 19/19
  9769 | D:8      | Found a burning altar of Makhleb.
  9770 | D:8      | Found an opulent altar of Gozag.
  9772 | D:8      | Found a blossoming altar of Fedhas.
  9971 | D:8      | Found a deep blue altar of Sif Muna.
 10416 | D:9      | Found a staircase to the Lair.
 10751 | D:9      | Noticed Psyche
 10757 | D:9      | Killed Psyche
 10757 | D:9      | Reached skill level 5 in Long Blades
 10870 | D:9      | HP: 4/86 [gargoyle/stone arrow (18)]
 11732 | D:10     | Entered Level 10 of the Dungeon
 11751 | D:10     | Reached skill level 9 in Necromancy
 11794 | D:10     | Tevijoxo the big kobold (ally) was killed
 11794 | D:10     | Your ally Tevijoxo died
 12699 | D:10     | Reached *** piety under Kikubaaqudgha
 12699 | D:10     | Received a gift from Kikubaaqudgha
 12702 | D:10     | Identified Kikubaaqudgha's Collected Works on Necromancy (Kikubaaqudgha gifted it to you on level 10 of the Dungeon)
 12710 | D:10     | Learned a level 6 spell: Death Channel
 12715 | D:10     | Learned a level 4 spell: Animate Dead
 13495 | D:10     | Noticed a brown ugly thing
 13515 | D:10     | Killed a brown ugly thing
 13679 | D:11     | Noticed Maurice
 13786 | D:11     | Killed an unseen horror
 13786 | D:11     | Reached XP level 11. HP: 56/94 MP: 15/21
 13947 | D:11     | Noticed Maud
 13983 | D:11     | HP: 2/94 [Maud/long sword of slicing (25)]
 13983 | D:11     | Mangled by Maud

Action                   |  1- 3 |  4- 6 |  7- 9 | 10-12 || total
-------------------------+-------+-------+-------+-------++-------
Melee: Unarmed           |    29 |       |       |       ||    29
       Dagger            |    70 |       |       |       ||    70
       Hand axe          |     4 |   117 |   175 |       ||   296
       Falchion          |       |       |   138 |   294 ||   432
 Cast: Magic Dart        |    70 |    24 |     7 |    12 ||   113
       Vampiric Draining |       |       |    38 |    42 ||    80
       Animate Dead      |       |       |       |     2 ||     2
       Death Channel     |       |       |       |     2 ||     2
 Abil: Breathe Steam     |       |       |    17 |    22 ||    39
Evoke: Deck              |       |     4 |       |       ||     4
       Wand              |       |       |       |     5 ||     5
  Use: Scroll            |       |       |       |    15 ||    15
       Potion            |       |       |       |     6 ||     6
 Stab: Sleeping          |     1 |     4 |       |       ||     5
       Distracted        |       |       |     2 |       ||     2
  Eat: Chunk             |     3 |     2 |    25 |    11 ||    41
       Beef jerky        |       |     2 |       |       ||     2
       Royal jelly       |       |     1 |       |       ||     1
       Pizza             |       |       |     2 |       ||     2
